TOP OF THE 1ST |
BlackIron Dragons batting - Pitching for Gainesville Guidos : RHP John Jones
|
Pitching: RHP John Jones
|
|
Batting: SHB José Estreito
|
0-0: Ground out 5-3 (Groundball, 56)
|
Batting: RHB Juan Gonzáles
|
0-0: Called Strike 0-1: Swinging Strike 0-2: SINGLE (Groundball, 56D)
|
Batting: RHB Felipe Jareño
|
0-0: Foul Ball, location: 2F 0-1: Ball 1-1: Foul Ball, location: 2F 1-2: Hit by Pitch Juan Gonzáles to second
|
Batting: RHB Doug O'Brien
|
0-0: Ball Juan Gonzáles steals 3rd base Felipe Jareño to second 1-0: Called Strike 1-1: Ball 2-1: Ball 3-1: Ground out 5-3 (Groundball, 56) Juan Gonzáles scores
|
Batting: LHB Manuel Cardenas
|
0-0: Called Strike 0-1: Ball 1-1: Foul Ball, location: 2F 1-2: Ball 2-2: 2-RUN HOME RUN (Flyball, 89XD), Distance : 392 ft
|
Batting: LHB Pedro Rodríguez
|
0-0: Called Strike 0-1: Ball 1-1: Foul Ball, location: 2F 1-2: Foul Ball, location: 2F 1-2: Ball 2-2: Strikes out swinging
|
Top of the 1st over - 3 run(s), 2 hit(s), 0 error(s), 0 left on base; BlackIron 3 - Gainesville 0 |
BOTTOM OF THE 1ST |
Gainesville Guidos batting - Pitching for BlackIron Dragons : RHP Bret McJannett
|
Pitching: RHP Bret McJannett
|
|
Batting: RHB Iván Moreno
|
0-0: Called Strike 0-1: Ground out 5-3 (Groundball, 56S)
|
Batting: RHB Juan Reyes
|
0-0: Ball 1-0: Swinging Strike 1-1: Ball 2-1: Ball 3-1: Called Strike 3-2: Base on Balls
|
Batting: LHB Eddy Jefferson
|
0-0: Called Strike 0-1: Called Strike 0-2: Foul Ball, location: 2F 0-2: Ball 1-2: Ball 2-2: Foul Ball, location: 2F 2-2: Grounds into double play, 4-6-3 (Groundball, 4)
|
Bottom of the 1st over - 0 run(s), 0 hit(s), 0 error(s), 0 left on base; BlackIron 3 - Gainesville 0 |
TOP OF THE 2ND |
BlackIron Dragons batting - Pitching for Gainesville Guidos : RHP John Jones
|
Batting: LHB Al Bartlett
|
0-0: Swinging Strike 0-1: Ball 1-1: Foul Ball, location: 2F 1-2: Foul Ball, location: 2F 1-2: Fly out, F8 (Flyball, 8RS)
|
Batting: RHB Eugene Payne
|
0-0: Ball 1-0: Called Strike 1-1: Ball 2-1: Ground out 6-3 (Groundball, 6M)
|
Batting: RHB Ramón Rodríguez
|
0-0: Called Strike 0-1: Ball 1-1: Ball 2-1: Foul Ball, location: 2F 2-2: Fly out, F9 (Flyball, 9S)
|
Top of the 2nd over - 0 run(s), 0 hit(s), 0 error(s), 0 left on base; BlackIron 3 - Gainesville 0 |
BOTTOM OF THE 2ND |
Gainesville Guidos batting - Pitching for BlackIron Dragons : RHP Bret McJannett
|
Batting: RHB Alfredo Díaz
|
0-0: Foul Ball, location: 2F 0-1: Called Strike 0-2: Foul Ball, location: 2F 0-2: Ball 1-2: Ground out 5-3 (Groundball, 56)
|
Batting: RHB Augusto Baca
|
0-0: Called Strike 0-1: Ball 1-1: SINGLE (Groundball, 56D)
|
Batting: RHB Lynn Ford
|
0-0: Ball 1-0: SINGLE (Line Drive, 7LS) Augusto Baca to second
|
Batting: RHB Mark McDonald
|
0-0: Fielders Choice at 2nd, 3-6 (Groundball, 34) Augusto Baca to third
|
Batting: SHB Will Evans
|
0-0: Ball 1-0: Foul Ball, location: 2F 1-1: Reached via error on a dropped throw, E6 Augusto Baca scores Mark McDonald to second
|
Batting: RHB Greg Lee
|
0-0: Reached on error, E4 (Groundball, 4) Mark McDonald to third Will Evans to second
|
Batting: RHB Iván Moreno
|
0-0: Foul Ball, location: 2F 0-1: Swinging Strike 0-2: Foul Ball, location: 2F 0-2: Strikes out swinging
|
Bottom of the 2nd over - 1 run(s), 2 hit(s), 2 error(s), 3 left on base; BlackIron 3 - Gainesville 1 |
TOP OF THE 3RD |
BlackIron Dragons batting - Pitching for Gainesville Guidos : RHP John Jones
|
Batting: SHB José Estreito
|
0-0: Ball 1-0: DOUBLE (Line Drive, 78M)
|
Batting: RHB Juan Gonzáles
|
0-0: Swinging Strike 0-1: Ball 1-1: Ball 2-1: Ball 3-1: Base on Balls
|
Batting: RHB Felipe Jareño
|
0-0: Ball 1-0: Ball 2-0: Ball 3-0: Called Strike 3-1: Called Strike 3-2: Strikes out looking
|
Batting: RHB Doug O'Brien
|
0-0: Ball 1-0: Foul Ball, location: 2F 1-1: Swinging Strike 1-2: Ball 2-2: Foul Ball, location: 2F 2-2: Foul Ball, location: 2F 2-2: Hit by Pitch José Estreito to third Juan Gonzáles to second
|
Batting: LHB Manuel Cardenas
|
0-0: Ball 1-0: SINGLE (Flyball, 6MD) José Estreito scores Juan Gonzáles to third Doug O'Brien to second Runner from 3rd tries for Home, SAFE, no throw
|
Batting: LHB Pedro Rodríguez
|
0-0: Fly out, F8 (Flyball, 8LXD) Runner from 2nd tags up, SAFE at 3rd, no throw
|
Batting: LHB Al Bartlett
|
0-0: Ball 1-0: Foul Ball, location: 2F 1-1: Ball 2-1: Swinging Strike 2-2: Foul Ball, location: 2F 2-2: Strikes out swinging
|
Top of the 3rd over - 2 run(s), 2 hit(s), 0 error(s), 2 left on base; BlackIron 5 - Gainesville 1 |
BOTTOM OF THE 3RD |
Gainesville Guidos batting - Pitching for BlackIron Dragons : RHP Bret McJannett
|
Batting: RHB Juan Reyes
|
0-0: Foul Ball, location: 2F 0-1: Swinging Strike 0-2: Strikes out swinging
|
Batting: LHB Eddy Jefferson
|
0-0: Ball 1-0: Ball 2-0: Ball 3-0: Base on Balls
|
Batting: RHB Alfredo Díaz
|
0-0: Called Strike 0-1: Ball 1-1: Ball 2-1: Ball 3-1: Base on Balls Eddy Jefferson to second
|
Batting: RHB Augusto Baca
|
0-0: Ball Eddy Jefferson steals 3rd base Alfredo Díaz to second 1-0: SINGLE (Line Drive, 8LS) Eddy Jefferson scores Alfredo Díaz to third
|
Batting: RHB Lynn Ford
|
0-0: Foul Ball, location: 2F 0-1: Foul Ball, location: 2F 0-2: Ball 1-2: Ball 2-2: Strikes out looking
|
Batting: RHB Mark McDonald
|
0-0: Foul Ball, location: 2F 0-1: 3-RUN HOME RUN (Flyball, 78XD), Distance : 405 ft
|
Batting: SHB Will Evans
|
0-0: Bunt missed! 0-1: Foul Ball, location: 2F 0-2: Ball 1-2: Ball 2-2: Foul Ball, location: 2F 2-2: Fly out, F7 (Flyball, 7LM)
|
Bottom of the 3rd over - 4 run(s), 2 hit(s), 0 error(s), 0 left on base; BlackIron 5 - Gainesville 5 |
TOP OF THE 4TH |
BlackIron Dragons batting - Pitching for Gainesville Guidos : RHP John Jones
|
Batting: RHB Eugene Payne
|
0-0: Foul Ball, location: 2F 0-1: Ball 1-1: Swinging Strike 1-2: Strikes out looking
|
Batting: RHB Ramón Rodríguez
|
0-0: Called Strike 0-1: Called Strike 0-2: Strikes out looking
|
Batting: SHB José Estreito
|
0-0: Called Strike 0-1: Swinging Strike 0-2: Ball 1-2: Ball 2-2: Strikes out swinging
|
Top of the 4th over - 0 run(s), 0 hit(s), 0 error(s), 0 left on base; BlackIron 5 - Gainesville 5 |
BOTTOM OF THE 4TH |
Gainesville Guidos batting - Pitching for BlackIron Dragons : RHP Bret McJannett
|
Batting: RHB Greg Lee
|
0-0: Called Strike 0-1: Ball 1-1: Foul Ball, location: 2F 1-2: Ball 2-2: Ball 3-2: Foul Ball, location: 2F 3-2: Foul Ball, location: 2F 3-2: Base on Balls
|
Batting: RHB Iván Moreno
|
0-0: Called Strike 0-1: Foul Ball, location: 2F 0-2: Strikes out swinging
|
Batting: RHB Juan Reyes
|
0-0: Called Strike 0-1: Ball 1-1: Called Strike 1-2: Ball 2-2: Foul Ball, location: 2F 2-2: Strikes out swinging
|
Batting: LHB Eddy Jefferson
|
0-0: Ball 1-0: Ball 2-0: Called Strike 2-1: Swinging Strike 2-2: Ball 3-2: Base on Balls Greg Lee to second
|
Batting: RHB Alfredo Díaz
|
0-0: Swinging Strike 0-1: Ball 1-1: Ball 2-1: Ball 3-1: Foul Ball, location: 2F 3-2: Foul Ball, location: 2F 3-2: SINGLE (Groundball, 15S) (infield hit) Greg Lee to third Eddy Jefferson to second
|
Batting: RHB Augusto Baca
|
0-0: Ball 1-0: Fly out, F8 (Flyball, 8LS)
|
Bottom of the 4th over - 0 run(s), 1 hit(s), 0 error(s), 3 left on base; BlackIron 5 - Gainesville 5 |
TOP OF THE 5TH |
BlackIron Dragons batting - Pitching for Gainesville Guidos : RHP John Jones
|
Batting: RHB Juan Gonzáles
|
0-0: Ground out 6-3 (Groundball, 6S)
|
Batting: RHB Felipe Jareño
|
0-0: Called Strike 0-1: Ball 1-1: Called Strike 1-2: Foul Ball, location: 2F 1-2: Foul Ball, location: 2F 1-2: Fly out, F8 (Line Drive, 8LD)
|
Batting: RHB Doug O'Brien
|
0-0: Called Strike 0-1: Ball 1-1: Swinging Strike 1-2: Ground out 3-1 (Groundball, 34)
|
Top of the 5th over - 0 run(s), 0 hit(s), 0 error(s), 0 left on base; BlackIron 5 - Gainesville 5 |
BOTTOM OF THE 5TH |
Gainesville Guidos batting - Pitching for BlackIron Dragons : RHP Bret McJannett
|
Batting: RHB Lynn Ford
|
0-0: Called Strike 0-1: Ball 1-1: Ball 2-1: Ground out 6-3 (Groundball, 6)
|
Pitching: RHP Jayson Simms
|
|
Batting: RHB Mark McDonald
|
0-0: SINGLE (Line Drive, 8LS)
|
Batting: SHB Will Evans
|
Pickoff Throw to First - Error! E1 Mark McDonald to second 0-0: Foul Ball, location: 2F 0-1: Ball 1-1: Called Strike 1-2: Strikes out looking
|
Batting: RHB Greg Lee
|
0-0: Ball 1-0: Ball 2-0: SINGLE (Groundball, 4S) (infield hit) Mark McDonald to third
|
Batting: RHB Iván Moreno
|
0-0: Called Strike 0-1: Foul Ball, location: 2F 0-2: Foul Ball, location: 2F 0-2: Ball 1-2: Ball 2-2: Foul Ball, location: 2F 2-2: Strikes out looking
|
Bottom of the 5th over - 0 run(s), 2 hit(s), 1 error(s), 2 left on base; BlackIron 5 - Gainesville 5 |
TOP OF THE 6TH |
BlackIron Dragons batting - Pitching for Gainesville Guidos : RHP John Jones
|
Batting: LHB Manuel Cardenas
|
0-0: Fly out, F6 (Line Drive, 56D)
|
Batting: LHB Pedro Rodríguez
|
0-0: Called Strike 0-1: Ball 1-1: Ball 2-1: Foul Ball, location: 2F 2-2: Strikes out looking
|
Batting: LHB Al Bartlett
|
0-0: Ground out U3 (Groundball, 3)
|
Top of the 6th over - 0 run(s), 0 hit(s), 0 error(s), 0 left on base; BlackIron 5 - Gainesville 5 |
BOTTOM OF THE 6TH |
Gainesville Guidos batting - Pitching for BlackIron Dragons : RHP Jayson Simms
|
Batting: RHB Juan Reyes
|
0-0: Ball 1-0: Fly out, F8 (Flyball, 8RD)
|
Batting: LHB Eddy Jefferson
|
0-0: Swinging Strike 0-1: Ground out 4-3 (Groundball, 4S)
|
Batting: RHB Alfredo Díaz
|
0-0: Ball 1-0: Foul Ball, location: 2F 1-1: Ball 2-1: Foul Ball, location: 2F 2-2: Foul Ball, location: 2F 2-2: Ball 3-2: SINGLE (Line Drive, 6MD)
|
Batting: RHB Augusto Baca
|
0-0: Swinging Strike 0-1: Ball 1-1: Swinging Strike 1-2: Ground out 1-3 (Groundball, 15)
|
Bottom of the 6th over - 0 run(s), 1 hit(s), 0 error(s), 1 left on base; BlackIron 5 - Gainesville 5 |
TOP OF THE 7TH |
BlackIron Dragons batting - Pitching for Gainesville Guidos : RHP John Jones
|
Pitching: RHP Mario Tovar
|
|
Pinch Hitting: LHB Mike Davis
|
0-0: Called Strike 0-1: Ball 1-1: Ground out 4-3 (Groundball, 34)
|
Pinch Hitting: LHB Terry Simpson
|
0-0: Ball 1-0: Ball 2-0: Foul Ball, location: 2F 2-1: Ball 3-1: Swinging Strike 3-2: Foul Ball, location: 2F 3-2: Base on Balls
|
Pinch Hitting: RHB Frank Maxwell
|
0-0: Ball 1-0: Called Strike 1-1: Called Strike 1-2: Ball 2-2: Ball 3-2: Strikes out swinging
|
Batting: RHB Juan Gonzáles
|
0-0: Ball Wild Pitch! Terry Simpson to second 1-0: Foul Ball, location: 2F 1-1: Ground out 5-3 (Groundball, 56)
|
Top of the 7th over - 0 run(s), 0 hit(s), 0 error(s), 1 left on base; BlackIron 5 - Gainesville 5 |
BOTTOM OF THE 7TH |
Gainesville Guidos batting - Pitching for BlackIron Dragons : RHP Jayson Simms
|
Now at 2B: Frank Maxwell
|
|
Now in LF: Terry Simpson
|
|
Now in CF: Giovannino Arduino
|
|
Batting: RHB Lynn Ford
|
0-0: Foul Ball, location: 2F 0-1: Ball 1-1: Foul Ball, location: 2F 1-2: SINGLE (Groundball, 4MD)
|
Pinch Hitting: RHB John Little
|
0-0: Sac Bunt - play at first, batter OUT! 1-4 Lynn Ford to second
|
Pinch Hitting: RHB Doug Coleman
|
0-0: Intentional Walk
|
Batting: RHB Greg Lee
|
0-0: Ball 1-0: Called Strike 1-1: Ball 2-1: Swinging Strike 2-2: Ball 3-2: Base on Balls Lynn Ford to third Doug Coleman to second
|
Pinch Hitting: RHB Kurt Walter
|
0-0: Grounds into double play, 6-2-3 (Groundball, 6)
|
Bottom of the 7th over - 0 run(s), 1 hit(s), 0 error(s), 2 left on base; BlackIron 5 - Gainesville 5 |
TOP OF THE 8TH |
BlackIron Dragons batting - Pitching for Gainesville Guidos : RHP Mario Tovar
|
Now at 3B: Pedro Juárez
|
|
Now at SS: Júlio Galló
|
|
Now in RF: Kurt Walter
|
|
Batting: RHB Felipe Jareño
|
0-0: Ball 1-0: Called Strike 1-1: SINGLE (Line Drive, 8LS)
|
Batting: RHB Doug O'Brien
|
0-0: Called Strike 0-1: Ball 1-1: Ball 2-1: Swinging Strike 2-2: Foul Ball, location: 2F 2-2: Strikes out looking
|
Batting: LHB Manuel Cardenas
|
0-0: Called Strike 0-1: SINGLE (Line Drive, 89S) Felipe Jareño to second Runner from 2nd tries for 3rd, SAFE, throw made to third
|
Pitching: RHP Keith Elkins
|
|
Batting: LHB Pedro Rodríguez
|
0-0: Ball 1-0: SINGLE (Groundball, 34D) Felipe Jareño scores Manuel Cardenas to second Runner from 2nd tries for 3rd, OUT!
|
Batting: LHB Al Bartlett
|
0-0: Ball 1-0: Ball 2-0: Called Strike 2-1: Called Strike 2-2: Foul Ball, location: 2F 2-2: Strikes out swinging
|
Top of the 8th over - 1 run(s), 3 hit(s), 0 error(s), 1 left on base; BlackIron 6 - Gainesville 5 |
BOTTOM OF THE 8TH |
Gainesville Guidos batting - Pitching for BlackIron Dragons : RHP Jayson Simms
|
Pitching: RHP Raúl Durán
|
|
Batting: RHB Juan Reyes
|
0-0: Ball 1-0: Called Strike 1-1: Ground out 4-3 (Groundball, 4S)
|
Pitching: LHP Roberto Castro
|
|
Batting: LHB Eddy Jefferson
|
0-0: Called Strike 0-1: SINGLE (Groundball, 6) (infield hit)
|
Pitching: RHP Julián Romero
|
|
Batting: RHB Alfredo Díaz
|
0-0: Foul Ball, location: 2F 0-1: Foul Ball, location: 2F 0-2: Ball 1-2: Foul Ball, location: 2F 1-2: Foul Ball, location: 2F 1-2: 2-RUN HOME RUN (Flyball, 8LXD), Distance : 434 ft
|
Batting: RHB Augusto Baca
|
0-0: Ball 1-0: Ball 2-0: Ball 3-0: Called Strike 3-1: Foul Ball, location: 2F 3-2: Strikes out swinging
|
Batting: RHB Lynn Ford
|
0-0: Called Strike 0-1: Fly out, F9 (Flyball, 9S)
|
Bottom of the 8th over - 2 run(s), 2 hit(s), 0 error(s), 0 left on base; BlackIron 6 - Gainesville 7 |
TOP OF THE 9TH |
BlackIron Dragons batting - Pitching for Gainesville Guidos : RHP Keith Elkins
|
Pitching: RHP Josh Higgins
|
|
Now at C: Claudio Gonzáles
|
|
Batting: LHB Giovannino Arduino
|
0-0: Ball 1-0: Foul Ball, location: 2F 1-1: Fly out, F4 (Popup, 4MD)
|
Batting: LHB Terry Simpson
|
0-0: Ball 1-0: Ball 2-0: Swinging Strike 2-1: Ball 3-1: Base on Balls
|
Batting: RHB Frank Maxwell
|
0-0: Ball 1-0: Called Strike 1-1: Ball 2-1: Hit by Pitch Terry Simpson to second
|
Batting: RHB Juan Gonzáles
|
0-0: Ball 1-0: Ball 2-0: Ball 3-0: Base on Balls Terry Simpson to third Frank Maxwell to second
|
Batting: RHB Felipe Jareño
|
0-0: Ball 1-0: Called Strike 1-1: Ball 2-1: Ball 3-1: Foul Ball, location: 2F 3-2: Base on Balls Terry Simpson scores Frank Maxwell to third Juan Gonzáles to second
|
Batting: RHB Doug O'Brien
|
0-0: Ball 1-0: Ball 2-0: Called Strike 2-1: Ball 3-1: Called Strike 3-2: Base on Balls Frank Maxwell scores Juan Gonzáles to third Felipe Jareño to second
|
Batting: LHB Manuel Cardenas
|
0-0: Fly out, F7 (Flyball, 7LMF) Runner from 3rd tags up, SCORES, no throw
|
Pitching: RHP Juan Mora
|
|
Batting: LHB Pedro Rodríguez
|
0-0: Ball 1-0: Ball 2-0: Foul Ball, location: 2F 2-1: Called Strike 2-2: Foul Ball, location: 2F 2-2: Strikes out swinging
|
Top of the 9th over - 3 run(s), 0 hit(s), 0 error(s), 2 left on base; BlackIron 9 - Gainesville 7 |
BOTTOM OF THE 9TH |
Gainesville Guidos batting - Pitching for BlackIron Dragons : RHP Julián Romero
|
Pitching: LHP Roberto Ontiveros
|
|
Batting: LHB Pedro Juárez
|
0-0: Called Strike 0-1: Ball 1-1: Ball 2-1: Fly out, F8 (Flyball, 8LM)
|
Batting: RHB Júlio Galló
|
0-0: Called Strike 0-1: SINGLE (Groundball, 4D)
|
Batting: RHB Claudio Gonzáles
|
0-0: Called Strike 0-1: SINGLE (Flyball, 9LS) Júlio Galló to second Runner from 2nd tries for 3rd, SAFE, throw made to third
|
Batting: RHB Kurt Walter
|
0-0: Called Strike 0-1: Swinging Strike 0-2: Ball 1-2: Strikes out swinging
|
Batting: RHB Juan Reyes
|
0-0: Called Strike 0-1: Ball 1-1: Swinging Strike 1-2: Strikes out swinging
|
Bottom of the 9th over - 0 run(s), 2 hit(s), 0 error(s), 2 left on base; BlackIron 9 - Gainesville 7 |
|